 Dungeon Crawl Stone Soup version 0.23.2-30-g0e89c35649 (webtiles) character file.

Game seed: 12893654680627257056

242 MalarOregon the Ruffian (level 6, 0/52 HPs)
             Began as a Ghoul Warper on June 15, 2019.
             Slain by a gnoll
             ... wielding a +0 halberd
              (12 damage)
             ... on level 3 of the Dungeon.
             The game lasted 00:08:16 (3993 turns).

MalarOregon the Ruffian (Ghoul Warper)              Turns: 3993, Time: 00:08:16

Health: 0/52       AC:  4    Str: 15    XL:     6   Next: 9%
Magic:  8/9        EV: 12    Int: 10    God:
Gold:   195        SH:  0    Dex:  8    Spells: 10/10 levels left

rFire    . . .     SeeInvis .     - Unarmed
rCold    + . .     Gourm    .   (no shield)
rNeg     + + +     Faith    .   a - +0 leather armour
rPois    ∞         Spirit   .   (no helmet)
rElec    .         Reflect  .   (no cloak)
rCorr    .         Harm     .   g - +0 pair of gloves
MR       +....                  (no boots)
Stlth    +.........             (no amulet)
HPRegen  0.00/turn              l - ring of protection from magic
MPRegen  0.11/turn              (no ring)

@: rotting
A: rotting body, claws 1, carnivore, cold resistance 1, negative energy
resistance 3, inhibited regeneration, torment resistance, unbreathing
a: no special abilities


You were on level 3 of the Dungeon.
You were not hungry.

You visited 1 branch of the dungeon, and saw 3 of its levels.

You collected 195 gold pieces.

Inventory:

Hand Weapons
 h - a +0 trident of venom
   (You took it off an orc on level 3 of the Dungeon)
Missiles
 d - 5 tomahawks of dispersal (quivered) {!f}
Armour
 a - a +0 leather armour (worn)
 g - a +0 pair of gloves (worn)
   (You found it on level 1 of the Dungeon)
Magical Staves
 j - an uncursed staff of earth {unknown}
   (You found it on level 2 of the Dungeon)
Jewellery
 l - a ring of protection from magic (left hand)
   (You found it on level 2 of the Dungeon)
Wands
 t - a wand of flame (1)
   (You took it off a hobgoblin on level 3 of the Dungeon)
Scrolls
 b - a scroll of remove curse {@r2}
 c - a scroll of blinking
 f - 2 scrolls of teleportation {@r4}
 n - a scroll of enchant weapon
Potions
 i - a potion of flight
 k - a potion of cancellation
 m - a potion of magic {unknown}
Comestibles
 e - 7 rations {!d}
 o - 7 chunks of flesh


   Skills:
 * Level 4.2 Fighting
 - Level 0.8 Throwing
 - Level 0.8 Armour
 + Level 2.6 Dodging
 * Level 4.3 Unarmed Combat
 + Level 2.6 Spellcasting
   Level 2.6 Translocations


You had 10 spell levels left.
You didn't know any spells.
Your spell library contained the following spells:

 Spells                   Type           Power        Failure   Level  Hunger
 Blink                    Tloc           N/A          19%         2    ###....
 Shroud of Golubria       Chrm/Tloc      #.........   30%         2    ###....
 Gell's Gravitas          Tloc           #.........   34%         3    ####...
 Lesser Beckoning         Tloc           #.........   34%         3    ####...
 Teleport Other           Tloc           #.......     34%         3    ####...
 Passage of Golubria      Tloc           N/A          75%         4    #####..


Dungeon Overview and Level Annotations

Branches:
Dungeon (3/15)

Altars:


Innate Abilities, Weirdness & Mutations

Your body is rotting away.
You thrive on raw meat.
You are immune to poison.
You have sharp fingernails.
You are carnivorous and can eat meat at any time.
Your flesh is cold resistant. (rC+)
You are immune to negative energy. (rN+++)
You do not regenerate when monsters are visible.
You are immune to unholy pain and torment.
You can survive without breathing.


Message History

The ball python constricts you.
You hit the ball python but do no damage.
The ball python closely misses you. The ball python constricts you.
The ball python bites you. The ball python constricts you.
You hit the ball python.
The ball python bites you but does no damage.
The ball python constricts you.
Unknown command.
You hit the ball python.
You kill the ball python!
No target in view!
Things that are here:
a +0 club; a goblin skeleton You see here a +0 war axe.
o - 7 chunks of flesh (gained 3)
Things that are here:
a +0 spear; a gnoll skeleton
Found a dagger.
A ball python comes into view.
A ball python is nearby!
The ball python hisses angrily.
You see here a dagger.
You closely miss the ball python.
The ball python bites you but does no damage.
The ball python closely misses you.
You hit the ball python. The ball python bites you. The ball python grabs you.
The ball python constricts you.
You hit the ball python.
You kill the ball python!
Found an escape hatch in the floor.
The gnoll shouts!
The gnoll shouts!
The gnoll closely misses you.
The gnoll hits you from afar with a +0 halberd.
The gnoll hits you with a +0 halberd!
You hit the gnoll. The gnoll hits you but does no damage.
The gnoll closely misses you.
You hit the gnoll. You hit the gnoll.
You kill the gnoll!
The gnoll hits you from afar with a +0 halberd!
* * * LOW HITPOINT WARNING * * *
The gnoll hits you with a +0 halberd!
* * * LOW HITPOINT WARNING * * *
Things that are here:
a +0 halberd; a gnoll corpse You hit the gnoll.
The gnoll hits you with a +0 halberd.
* * * LOW HITPOINT WARNING * * *
You hit the gnoll. The gnoll hits you with a +0 halberd!
You die...

.....>..# ...####.#
##### ...# #.# #...
.#.# #.#####.# #
...# #.......# .#
#### #.#####.###.#
#.# #.....#
###.#######.#######
#
#.....##....@g...$#
#
##.#.#.##.##.#####.#
####....#.##. #.#
#.# .............
#.# #g#
..##......### #.#
#.# #.##.###### #.#
#.# #.##)# #.# #<#
#.##.# #. #.# .....#
#.#


You could see a gnoll.

Vanquished Creatures
  3 worker ants
  3 adders
  6 gnolls
  A shadow imp (D:2)
  An ooze (D:2)
  A worm (D:3)
  A dart slug (D:1)
  2 leopard geckos
  4 orcs
  9 bats
  4 giant cockroaches
  5 goblins
  5 hobgoblins
  2 jackals (D:1)
  7 kobolds
  5 ball pythons (D:3)
  8 frilled lizards
  12 rats
79 creatures vanquished.

Notes
Turn   | Place    | Note
-------+----------+-------------------------------------------
     0 | D:1      | MalarOregon the Ghoul Warper began the quest for the Orb.
     0 | D:1      | Reached XP level 1. HP: 17/17 MP: 2/2
   210 | D:1      | Reached XP level 2. HP: 25/25 MP: 3/3
   623 | D:1      | Reached XP level 3. HP: 21/30 MP: 5/5
  1454 | D:2      | Reached XP level 4. HP: 38/38 MP: 6/6
  2685 | D:3      | Reached XP level 5. HP: 13/44 MP: 7/7
  3871 | D:3      | Reached XP level 6. HP: 27/52 MP: 8/8
  3993 | D:3      | Slain by a gnoll

Skill      XL: |  1  2  3  4  5 |
---------------+----------------+-----
Dodging        | 2 |  2.6
Spellcasting   | 2 |  2.6
Fighting       | 3 4 |  4.2
Unarmed Combat | 3 4 |  4.3
Throwing       | |  0.8
Armour         | |  0.8
Translocations | |  2.6

Action                   |  1- 3 |  4- 6 || total
-------------------------+-------+-------++-------
Melee: Unarmed           |   167 |   235 ||   402
       Punch             |     1 |     4 ||     5
  Use: Scroll            |     7 |       ||     7
  Eat: Chunk             |     4 |    13 ||    17
Armor: Leather armour    |    51 |    37 ||    88
Dodge: Dodged            |    86 |   133 ||   219
